 Dungeon Crawl Stone Soup version 0.14-a0-226-gcf818b1 (webtiles) character file.

246 Chiseanne the Caller (level 4, -1/36 HPs)
             Began as a Naga Summoner on Oct 11, 2013.
             Slain by an orc
             ... wielding a +0,+0 orcish club
              (6 damage)
             ... on Level 4 of the Dungeon.
             The game lasted 00:15:45 (2907 turns).

Chiseanne the Caller (Naga Summoner)                Turns: 2907, Time: 00:15:46

HP  -1/36        AC  2     Str 10      XL: 4   Next: 46%
MP   2/7         EV 14     Int 17      God:
Gold 162         SH  7     Dex 16      Spells:  3 memorised,  0 levels left

Res.Fire  : + . .   See Invis. : +   f - -1 dagger (curse)
Res.Cold  : x . .   Warding    : .   a - +0 robe
Life Prot.: . . .   Conserve   : .   l - +0 buckler
Res.Poison: +       Res.Corr.  : .   (no helmet)
Res.Elec. : .       Clarity    : .   (no cloak)
Sust.Abil.: . .     Spirit.Shd : .   (no gloves)
Res.Mut.  : .       Stasis     : .   (no barding)
Res.Rott. : .       Flight     : .   (no amulet)
Saprovore : . . .                    (no ring)
                                     n - ring of fire

@: agile, very slightly contaminated, very slow, slightly resistant to hostile
enchantments, quite stealthy
A: spit poison, see invisible, deformed body, poison resistance, slowness 2, AC
+1
a: Spit Poison


You were on level 4 of the Dungeon.
You were hungry.

You visited 1 branch of the dungeon, and saw 4 of its levels.

You collected 142 gold pieces.

Inventory:

Hand weapons
 d - a +0,+0 mace
 f - a cursed -1,-1 dagger (weapon)
 i - a +2,+2 elven short sword
Missiles
 e - 6 tomahawks of returning (quivered)
 g - 9 poisoned needles
Armour
 a - a +0 robe (worn)
 l - a +0 buckler (worn)
Comestibles
 c - 3 bread rations
Scrolls
 h - a scroll of identify {unknown}
 j - 6 scrolls of teleportation
Jewellery
 n - a ring of fire (left hand)
 o - an uncursed ring of positive energy {unknown}
Potions
 m - a potion of agility
Books
 b - a book of Callings

   Spells                             Type                      Level
   *Summon Small Mammal               Summoning                    1
   *Call Imp                          Summoning                    2
   *Call Canine Familiar              Summoning                    3
   Summon Scorpions                   Summoning/Poison             4
   Summon Ice Beast                   Ice/Summoning                4


   Skills:
 * Level 1.2 Fighting
 * Level 2.3 Dodging
 - Level 3.0 Stealth
 * Level 1.9 Spellcasting
 * Level 4.7 Summonings


You couldn't memorise any spells.
You knew the following spells:

 Your Spells              Type           Power        Failure   Level  Hunger
a - Summon Small Mammal   Summ           ###.         3%          1    #......
b - Call Imp              Summ           ###.......   6%          2    ###....
c - Call Canine Familiar  Summ           ###.......   12%         3    ####...


Dungeon Overview and Level Annotations

Branches:
Dungeon (4/27)
 Temple: D:4-7

Altars:
Okawaru
Xom

Annotations:
D:3 Grinder


Innate Abilities, Weirdness & Mutations

You cannot wear boots.
You can spit poison.
Your serpentine skin is tough (AC +1).
You have supernaturally acute eyesight.
Armour fits poorly on your strangely shaped body.
Your system is resistant to poisons.
You cover ground very slowly.


Message History

A jackal comes into view.
Your quokka disappears in a puff of smoke!
It hits your iron imp but does no damage.
Your iron imp closely misses Grinder.
Grinder hits your iron imp.
Your iron imp hits Grinder!
There is a stone staircase leading down here.
Grinder gestures.
Grinder blinks!
The jackal completely misses you.
You climb downwards.
A goblin, 2 orcs and 2 orc wizards come into view.
The orc wizard shouts!
Found 25 arrows and a ring mail.
Found a stone staircase leading down.
There is a stone staircase leading up here.
The orc wizard shouts!
The orc wizard casts a spell.
The orc wizard seems to speed up.
The orc wizard casts a spell.
The orc wizard flickers and vanishes for a moment.
The orc hits you with an orcish club.
You die...

... .#
...(####.###
............####
.....o...[......
.....o.........g.
#..o<...#
#.......#
#..o....#
#..@....#
######.## .# .#
.#


You could see 2 orc wizards and 2 orcs.

Vanquished Creatures
  An orc priest (D:3)
  A giant gecko (D:1)
  A giant cockroach (D:2)
  3 hobgoblins
  3 bats
  4 giant newts
  A goblin (D:1)
  2 kobolds (D:1)
  4 rats
20 creatures vanquished.

Vanquished Creatures (collateral kills)
  An orc wizard (D:3)
  A worm (D:2)
  3 orcs (D:3)
  A ball python (D:1)
  4 giant cockroaches
  7 goblins
  6 hobgoblins
  4 jackals
  7 kobolds
  9 bats
  A giant gecko (D:1)
  6 giant newts
  2 rats
52 creatures vanquished.

Vanquished Creatures (others)
  An iron imp (D:3)
  2 shadow imps (D:3)
  A white imp (D:2)
  6 bats (D:1)
  2 grey rats
  A quokka (D:1)
  6 rats
19 creatures vanquished.

Grand Total: 91 creatures vanquished

Notes
Turn   | Place    | Note
--------------------------------------------------------------
     0 | D:1      | Chiseanne, the Naga Summoner, began the quest for the Orb.
     0 | D:1      | Reached XP level 1. HP: 15/15 MP: 3/3
   306 | D:1      | Reached XP level 2. HP: 4/22 MP: 1/4
   956 | D:1      | Learned a level 2 spell: Call Imp
  1581 | D:1      | Reached XP level 3. HP: 24/28 MP: 2/5
  1916 | D:2      | Found an iron altar of Okawaru.
  2459 | D:2      | Found a shimmering altar of Xom.
  2739 | D:3      | Reached skill level 1 in Fighting
  2739 | D:3      | Reached XP level 4. HP: 36/36 MP: 1/7
  2744 | D:3      | Learned a level 3 spell: Call Canine Familiar
  2876 | D:3      | Noticed Grinder
  2877 | D:3      | Paralysed by Grinder for 2 turns
  2907 | D:4      | Slain by an orc

Action                   |  1- 3 |  4- 6 || total
-------------------------+-------+-------++-------
Melee: Mace              |    17 |       ||    17
       Unarmed           |     3 |       ||     3
       Dagger            |    76 |     6 ||    82
Throw: Tomahawk          |     8 |       ||     8
 Cast: Summon Small Mamm |    46 |     2 ||    48
       Call Imp          |    21 |     6 ||    27
 Abil: Spit Poison       |     5 |     1 ||     6
  Use: Scroll            |     5 |     1 ||     6
       Potion            |     3 |     1 ||     4
